 Dungeon Crawl Stone Soup version 0.29-a0-676-ga64570c9d2 (webtiles) character file.

Game seed: 3346911161416131752

6 wilfster70 the Shield-Bearer (level 1, 0/25 HPs)
             Began as a Gnoll Wanderer on June 25, 2022.
             Constricted to death by a ball python (1 damage)
             ... on level 1 of the Dungeon.
             The game lasted 00:00:53 (56 turns).

wilfster70 the Shield-Bearer (Gnoll Wanderer)         Turns: 56, Time: 00:00:54

Health: 0/25       AC:  4    Str: 15    XL:     1   Next: 90%
Magic:  1/1        EV:  7    Int:  7    God:
Gold:   0          SH:  7    Dex: 11    Spells: 0/0 levels left

rFire   . . .      SeeInvis .   a - +0 falchion
rCold   . . .      Faith    .   b - +2 buckler
rNeg    . . .      Spirit   .   f - +0 leather armour
rPois   .          Reflect  .   h - +0 helmet
rElec   .          Harm     .   (no cloak)
rCorr   .          Rampage  .   (no gloves)
Will    .....                   (no boots)
Stlth   ..........              (no amulet)
HPRegen 0.08/turn               (no ring)
MPRegen 0.07/turn               (no ring)

@: berserking, constricted, very quick
A: fangs 1, strong nose, distributed training
a: no special abilities


You were on level 1 of the Dungeon.
You visited 1 branch of the dungeon, and saw 1 of its levels.

Inventory:

Hand Weapons
 a - a +0 falchion (weapon)
 d - a +0 dagger
Missiles
 c - 11 poisoned darts (quivered)
Armour
 b - a +2 buckler (worn)
 f - a +0 leather armour (worn)
 h - a +0 helmet (worn)
Scrolls
 i - 2 scrolls of enchant armour {unknown}
Potions
 g - a potion of mutation {unknown}


   Skills:
 + Level 2.4 Fighting
 + Level 0.2 Short Blades
 + Level 4.4 Long Blades
 + Level 0.2 Axes
 + Level 0.2 Maces & Flails
 + Level 0.2 Polearms
 + Level 0.2 Staves
 + Level 0.2 Slings
 + Level 0.2 Bows
 + Level 0.2 Crossbows
 + Level 4.4 Throwing
 + Level 4.4 Armour
 + Level 0.2 Dodging
 + Level 0.2 Stealth
 + Level 4.4 Shields
 + Level 0.2 Unarmed Combat
 + Level 0.2 Spellcasting
 + Level 0.1 Conjurations
 + Level 0.1 Hexes
 + Level 0.1 Summonings
 + Level 0.1 Necromancy
 + Level 0.1 Translocations
 + Level 0.1 Transmutations
 + Level 0.1 Fire Magic
 + Level 0.1 Ice Magic
 + Level 0.1 Air Magic
 + Level 0.1 Earth Magic
 + Level 0.1 Poison Magic
 + Level 0.3 Invocations
 + Level 2.4 Evocations


You couldn't memorise any spells.
You didn't know any spells.
Your spell library was empty.

Dungeon Overview and Level Annotations

Branches:
Dungeon (1/15)

Altars:


Innate Abilities, Weirdness & Mutations

You have very sharp teeth.
Your uncanny sense of smell can sniff out nearby items.
Your experience applies equally to all skills.


Message History

You hit the jackal.
The jackal is almost dead.
The jackal bites you but does no damage.
You block the jackal's attack.
The ball python bites you but does no damage.
The ball python constricts you.
* * * LOW HITPOINT WARNING * * *
The jackal bites you but does no damage.
You hit the jackal.
You kill the jackal!
The ball python bites you but does no damage.
The ball python constricts you.
A kobold comes into view. It is wielding a +0 short sword.
The kobold shouts!
You slash the jackal!
You kill the jackal!
The jackal bites you but does no damage.
You block the ball python's attack. The ball python constricts you.
The jackal bites you.
* * * LOW HITPOINT WARNING * * *
You hit the kobold.
You kill the kobold!
The ball python barely misses you. The ball python constricts you.
You block the jackal's attack. You block the ball python's attack.
The ball python constricts you.
Okay, then.
Unknown command.
A red film seems to cover your vision as you go berserk!
You feel yourself moving faster!
You feel mighty! You block the jackal's attack.
The ball python barely misses you. The ball python constricts you.
You miss the jackal. You block the jackal's attack.
The ball python barely misses you. The ball python constricts you.
You are too injured to fight recklessly!
You are too injured to fight recklessly!
You barely miss the jackal. The jackal bites you.
* * * LOW HITPOINT WARNING * * *
The ball python bites you but does no damage.
The ball python constricts you.
You die...

..... ..... ..... .....
.....########### ......
....#..........# ......
....#..........# #......
...............##K...$..
(..$...........#hS......
...............)@#
..#.#.........####
.≈≈#≈≈..#..≈≈#≈≈##.
?≈≈≈#≈≈...≈≈#≈≈≈...
≈.≈≈≈#≈...≈#≈≈≈.≈≈...
≈≈.≈≈#≈≈.≈≈#≈≈.≈≈≈###
≈≈≈.≈≈#≈.≈#≈≈.≈≈≈##
#≈≈≈.≈#≈.≈#†.≈≈≈#≈#
≈##≈≈.≈≈[≈≈.≈≈##≈≈#


You could see a jackal, a ball python and a kobold.

Vanquished Creatures
  A bat (D:1)
  3 jackals (D:1)
  A kobold (D:1)
5 creatures vanquished.

Notes
Turn   | Place    | Note
-------+----------+-------------------------------------------
     0 | D:1      | wilfster70 the Gnoll Wanderer began the quest for the Orb.
     0 | D:1      | wilfster70 set off with the following items: a +0 falchion,
                  | a +2 buckler, 11 poisoned darts, a +0 dagger, a potion of
                  | berserk rage, a +0 leather armour.
     0 | D:1      | Reached XP level 1. HP: 17/17 MP: 1/1
    56 | D:1      | HP: 1/25 [jackal (1)]
    56 | D:1      | Constricted to death by a ball python

Illustrated notes

Levels and vault maps discovered:
D:1:      spicycebolla_arrival_xxxplode, layout_rooms, serial_shops,
          nicolae_shop_trees, nicolae_ecumenical_snake_handling

Action                   || total
-------------------------++-------
Melee: Falchion          ||    17
       Bite              ||     1
  Use: Potion            ||     1
Armor: Leather armour    ||    24
Dodge: Dodged            ||    23
Block: Buckler           ||    17

Table legend: (Time is in decaauts)
 A = Elapsed time spent in this place.
 B = Non-inter-level travel time spent in this place.
 C = Inter-level travel time spent in this place.
 D = Time resting spent in this place.
 E = Time spent auto-exploring this place.
 F = Levels seen in this place.
 G = Mean time per level.
                   A        B        C        D        E       F      G
               +--------+--------+--------+--------+--------+-----+--------+
         Total |     58 |     58 |      0 |      0 |      5 |   1 |   58.0 |
       Dungeon |     58 |     58 |      0 |      0 |      5 |   1 |   58.0 |
               +--------+--------+--------+--------+--------+-----+--------+

Top non-repeatable levels by time:
     D:1: 58 daAuts
